 Dungeon Crawl Stone Soup version 0.30-a0-591-g3c58d2bc28 (webtiles) character file.

Game seed: 1947534253703436319

55 OTABOTABOTAB the Insei (level 3, -1/24 HPs)
             Began as an Octopode Transmuter on Jan 5, 2023.
             Slain by a goblin
             ... wielding a +0 club
             ... led by Robin
              (6 damage)
             ... on level 2 of the Dungeon.
             The game lasted 00:03:04 (1114 turns).

OTABOTABOTAB the Insei (Octopode Transmuter)        Turns: 1114, Time: 00:03:04

Health: -1/24      AC:  1    Str:  9    XL:     3   Next: 93%
Magic:  14/15      EV: 13    Int: 17    God:
Gold:   62         SH:  0    Dex: 12    Spells: 5/6 levels left

rFire   . . .      SeeInvis .      - Unarmed
rCold   . . .      Faith    .    (no shield)
rNeg    . . .      Spirit   .    (helmet currently unavailable)
rPois   .          Reflect  .    (no amulet)
rElec   .          Harm     .    h - ring of magical power {MP+9}
rCorr   .          Rampage  .    (no ring)
Will    .....                    (no ring)
Stlth   ++                       (no ring)
HPRegen 0.24/turn                (no ring)
MPRegen 0.14/turn                (no ring)
                                 (no ring)
                                 (no ring)

@: appendages (expiring)
A: tentacle spike 3, almost no armour, amphibious, 8 rings, camouflage 1,
gelatinous body 1, (nimble swimmer 1), tentacles
a: End Transformation


You were on level 2 of the Dungeon.
One of your tentacles had grown a beastly spike.
You visited 1 branch of the dungeon, and saw 2 of its levels.

You collected 62 gold pieces.

Inventory:

Missiles
 s - 39 stones
Jewellery
 h - a ring of magical power (left tentacle) {MP+9}
   (You found it on level 2 of the Dungeon)
Scrolls
 a - a scroll of teleportation {unknown}
 b - a scroll of magic mapping {unknown}
 c - a scroll of torment {unknown}
 d - 2 scrolls of identify {unknown}
Potions
 e - a potion of might {unknown}
 f - a potion of curing {unknown}
 g - 3 potions of brilliance {unknown}
 P - a potion of lignification {!q}


   Skills:
 + Level 2.2 Fighting
 + Level 2.8 Dodging
 + Level 3.6 Unarmed Combat
 - Level 2.0 Spellcasting
 - Level 2.0 Transmutations


You had 5 spell levels left.
You knew the following spells:

 Your Spells              Type           Power      Damage    Failure   Level
a - Beastly Appendage     Tmut           16%        N/A       9%          1

Your spell library contained the following spells:

 Spells                   Type           Power      Damage    Failure   Level
 Wereblood                Tmut           8%         N/A       13%         2
 Spider Form              Tmut/Pois      5%         N/A       36%         3
 Ice Form                 Ice/Tmut       5%         N/A       77%         4


Dungeon Overview and Level Annotations

Branches:
Dungeon (2/15)

Altars:

Annotations:
D:2 Robin


Innate Abilities, Weirdness & Mutations

One of your tentacles has grown a beastly spike.
You cannot wear most types of armour.
You are amphibious.
You can wear up to eight rings at the same time.
Your skin changes colour to match your surroundings (Stealth+).
Your rubbery body absorbs attacks. (AC +1, EV +1)
((You are camouflaged when in or above water. (Stealth+)))
You have tentacles for arms and can constrict up to eight enemies at once.


Message History

h - a ring of magical power {MP+9} MP restored: 6 You feel your magic capacity increase.
h - a ring of magical power (left tentacle) {MP+9} A rat comes into view.
MP restored: 15 A rat is nearby!
A dart slug comes into view.
You miscast Beastly Appendage.
You are very lightly contaminated with residual magic.
Nothing appears to happen.
You now have 14/15 mp.
One of your tentacles grows a vicious spike.
You now have 13/15 mp.
Unknown command.
An endoplasm comes into view.
The dart slug launches a dart at you. The slug dart hits you.
You take 5 damage, and have 19/24 hp.
MASSIVE DAMAGE!!
You barely miss the rat. You grab the rat.
Your tentacle spike misses the rat.
You constrict the rat. The rat bites you.
You take 2 damage, and have 17/24 hp.
You completely miss the rat.
Your tentacle spike misses the rat.
You constrict the rat. The rat closely misses you.
Your magical contamination has completely faded away.
You tentacle-slap the rat but do no damage.
You pierce the rat, but do no damage.
Your squeeze misses the rat.
Your transformation is almost over.
You constrict the rat.
You kill the rat!
The dart slug bites you.
You take 2 damage, and have 16/24 hp.
You completely miss the dart slug. You grab the dart slug.
You pierce the dart slug.
You constrict the dart slug. You tentacle-slap the dart slug.
You squeeze the dart slug.
You kill the dart slug!
Unknown command.
MP restored: 15 The helpless endoplasm fails to defend itself.
You tentacle-slap the endoplasm.
You pierce the endoplasm, but do no damage.
You squeeze the endoplasm, but do no damage.
The endoplasm barely misses you.
You tentacle-slap the endoplasm.
You pierce the endoplasm.
You kill the endoplasm!
No target in view!
Your tentacle spike disappears.
You now have 62 gold pieces (gained 3).
s - 39 stones (gained 6)
There is an open door here. 3 goblins come into view.
A goblin is wielding a +1 dagger of freezing.
Health restored: 24
There are monsters nearby!
Robin, a hobgoblin and 4 goblins come into view.
Robin shouts!
The goblin shouts!
You hear a shout! x2
Robin throws the goblin at you!
The goblin shouts!
The goblin completely misses you.
A rat comes into view.
A goblin comes into view. It is wielding a +0 club.
A goblin comes into view. It is wielding a +0 dagger.
A hobgoblin comes into view.
The goblin moves out of view. x2
The goblin shouts!
You hear a shout!
The goblin shouts! x3
The goblin closely misses you. The goblin hits you with a +0 club.
Robin throws the goblin at you! The goblin hits you with a +0 dagger.
A goblin comes into view. It is wielding a +0 club.
You hear a shout!
You take 8 damage, and have 16/24 hp.
MASSIVE DAMAGE!!
One of your tentacles grows a vicious spike.
The goblin completely misses you. The goblin hits you with a +0 club.
The goblin misses you. The goblin hits you with a +0 club.
The hobgoblin misses you.
You take 1 damage, and have 15/24 hp.
You now have 14/15 mp.
You closely miss the goblin. Your grab misses the goblin.
The goblin barely misses you.
Robin roars a battlecry!
The goblins go into a battle-frenzy!
The goblin closely misses you. The goblin completely misses you.
The goblin hits you with a +0 club. The hobgoblin barely misses you.
You take 6 damage, and have 9/24 hp.
MASSIVE DAMAGE!!
You tentacle-slap the goblin.
You kill the goblin!
The hobgoblin hits you.
* * * LOW HITPOINT WARNING * * *
Things that are here:
a +0 club; a goblin corpse You take 3 damage, and have 6/24 hp.
The goblin attacks as you move away! The goblin misses you.
You miss the goblin. Your grab misses the goblin.
Your transformation is almost over.
Robin throws the goblin at you!
* * * LOW HITPOINT WARNING * * *
The goblin hits you but does no damage. The goblin hits you with a +0 club.
You die...

.#...#...# ...#...#.# ....#
.#...#...# .g... ...#...#.#
...# .#...#...# gg.#
.[.#...#.# #.g# .#...#..###
#.g#
...#......#########gg##+####
.#.............g@gggg.......
......†......#######r.......
###..........##.............
#..........##...#.#....$..
#.......#####...#.########
##.......####...#..
#.......'......####
#.......#####..#
###.......'......#


You could see Robin, a hobgoblin (strong), 5 goblins and a rat.

Vanquished Creatures
  An adder (D:2)
  2 dart slugs
  6 endoplasms
  2 giant cockroaches (D:1)
  5 goblins
  4 hobgoblins
  3 jackals (D:2)
  2 kobolds (D:1)
  2 quokkas (D:1)
  2 ball pythons (D:2)
  3 frilled lizards (D:1)
  4 rats
36 creatures vanquished.

Vanquished Creatures (others)
  2 plants (D:1)
2 creatures vanquished.

Grand Total: 38 creatures vanquished

Notes
Turn   | Place    | Note
-------+----------+-------------------------------------------
     0 | D:1      | OTABOTABOTAB the Octopode Transmuter began the quest for
                  | the Orb.
     0 | D:1      | Reached XP level 1. HP: 13/13 MP: 3/3
   181 | D:1      | Found a faded altar of an unknown god.
   258 | D:1      | Reached XP level 2. HP: 18/18 MP: 3/5
   517 | D:1      | Reached XP level 3. HP: 21/24 MP: 4/6
   843 | D:2      | Reached skill level 2 in Fighting
  1106 | D:2      | Noticed Robin
  1111 | D:2      | HP: 6/24 [hobgoblin[Robin] (3)]
  1114 | D:2      | Slain by a goblin

Illustrated notes

Levels and vault maps discovered:
D:1:      onia_arrival_mini_maze_b, layout_rooms, ebering_ecumenical_altar_rust,
          serial_bayou_lake_a
D:2:      cheibrodos_pilgrimage, layout_basic, hex_large, serial_park_tiny_1,
          uniq_robin

Skill      XL: |  1  2  3 |
---------------+----------+-----
Fighting       | 2 |  2.2
Dodging        | |  2.8
Unarmed Combat | |  3.6
Spellcasting   | |  2.0
Transmutations | |  2.0

Action                   || total
-------------------------++-------
Melee: Unarmed           ||    69
       Constrict         ||    22
       Kick              ||    21
       Tentacles         ||    13
       Punch             ||     2
Throw: Stone             ||     2
 Cast: Beastly Appendage ||    19
 Abil: End Transformatio ||    14
 Stab: Sleeping          ||     2
Armor: Skin              ||     2
Dodge: Dodged            ||    41

Table legend: (Time is in decaauts)
 A = Elapsed time spent in this place.
 B = Non-inter-level travel time spent in this place.
 C = Inter-level travel time spent in this place.
 D = Time resting spent in this place.
 E = Time spent auto-exploring this place.
 F = Levels seen in this place.
 G = Mean time per level.
                   A        B        C        D        E       F      G
               +--------+--------+--------+--------+--------+-----+--------+
         Total |   1109 |   1088 |     21 |      0 |    853 |   2 |  554.5 |
       Dungeon |   1109 |   1088 |     21 |      0 |    853 |   2 |  554.5 |
               +--------+--------+--------+--------+--------+-----+--------+

Top non-repeatable levels by time:
     D:1: 786 daAuts
     D:2: 322 daAuts

Table legend:
 A = Kills in this place as a percentage of kills in entire the game.
 B = Kills by you in this place as a percentage of kills by you in the entire game.
 C = Kills by friends in this place as a percentage of kills by friends in the entire game.
 D = Other kills in this place as a percentage of other kills in the entire game.
 E = Experience gained in this place as a percentage of experience gained in the entire game.
 F = Experience gained in this place divided by the number of levels of this place that you have seen.
                   A       B       C       D       E      F
               +-------+-------+-------+-------+-------+----------------------
         Total | 100.0 | 100.0 |   N/A |   N/A | 100.0 |  39.5
       Dungeon | 100.0 | 100.0 |   N/A |   N/A | 100.0 |  39.5
               +-------+-------+-------+-------+-------+----------------------
